 Dungeon Crawl Stone Soup version 0.28-a0-199-g298df9dbad (webtiles) character file.

Game seed: 11574613889459781116

494 Ezendos the Conjurer (level 7, -11/46 HPs)
             Began as an Octopode Conjurer on Aug 19, 2021.
             Mangled by an orc warrior (14 damage)
             ... on level 4 of the Dungeon.
             The game lasted 00:08:00 (4915 turns).

Ezendos the Conjurer (Octopode Conjurer)            Turns: 4915, Time: 00:08:00

Health: -11/46     AC:  1    Str:  6    XL:     7   Next: 15%
Magic:  14/14      EV: 12    Int: 22    God:
Gold:   224        SH:  4    Dex: 11    Spells: 12/15 levels left

rFire   . . .      SeeInvis .   e - staff of air
rCold   . . .      Faith    .   m - +0 buckler
rNeg    . . .      Spirit   .   (helmet restricted)
rPois   .          Reflect  .   (no amulet)
rElec   +          Harm     .   (no ring)
rCorr   .          Rampage  .   (no ring)
Will    .....                   (no ring)
Stlth   +++.......              (no ring)
HPRegen 0.15/turn               (no ring)
MPRegen 0.14/turn               (no ring)
                                (no ring)
                                (no ring)

@: no status effects
A: almost no armour, amphibious, 8 rings, camouflage 1, gelatinous body 1,
(nimble swimmer 1), tentacles
a: no special abilities


You were on level 4 of the Dungeon.
You visited 1 branch of the dungeon, and saw 5 of its levels.

You collected 224 gold pieces.

Inventory:

Missiles
 g - a throwing net
Armour
 m - a +0 buckler (worn)
Magical Staves
 b - a staff of earth
 e - a staff of air (weapon)
Scrolls
 a - a scroll of enchant weapon
 c - a scroll of enchant armour
 d - 4 scrolls of teleportation
 f - 2 scrolls of fear
 i - 2 scrolls of identify
 k - a scroll of amnesia {unknown}
 l - a scroll of fog {unknown}
Potions
 h - a potion of brilliance
 j - a potion of curing {unknown}


   Skills:
 - Level 3.0 Fighting
 - Level 2.0 Dodging
 - Level 4.0 Stealth
 + Level 1.6 Shields
 - Level 4.7 Spellcasting
 - Level 5.2 Conjurations


You had 12 spell levels left.
You knew the following spells:

 Your Spells              Type           Power      Damage    Failure   Level
a - Magic Dart            Conj           100%       1d8       1%          1
b - Searing Ray           Conj           56%        3d5       2%          2

Your spell library contained the following spells:

 Spells                   Type           Power      Damage    Failure   Level
 Foxfire                  Conj/Fire      64%        2x1d7     4%          1
 Conjure Flame            Conj/Fire      16%        6-21      14%         3
 Dazzling Flash           Conj/Hex       32%        N/A       14%         3
 Inner Flame              Hex/Fire       5%         N/A       38%         3
 Fulminant Prism          Conj/Hex       8%         3d7       43%         4
 Iskenderun's Mystic Bla  Conj/Tloc      16%        2d5       43%         4


Dungeon Overview and Level Annotations

Branches:
Dungeon (5/15)
 Temple: D:4-7

Altars:
Makhleb
Ru


Innate Abilities, Weirdness & Mutations

You cannot wear most types of armour.
You are amphibious.
You can wear up to eight rings at the same time.
Your skin changes colour to match your surroundings (Stealth+).
Your rubbery body absorbs attacks. (AC +1, EV +1)
((You are camouflaged near water. (Stealth+)))
You have tentacles for arms and can constrict up to eight enemies at once.


Message History

You finish putting on your +0 buckler.
Setting a skill training target for Shields at 4.0.
Okay, then.
You open the door.
Casting: Searing Ray (safe; 3% risk of failure)
Confirm with . or Enter, or press ? or * to list all spells.
Aiming: Searing Ray (safe; 3% risk of failure)
Press: ? - help, Shift-Dir - straight line, f - orc priest
Aim: an orc priest, wielding a +0 club and wearing a +0 leather armour (asleep, 100% to hit)
The searing ray hits the orc priest!
The orc priest is heavily wounded.
The orc priest shouts!
The searing ray hits the orc warrior but does no damage.
The orc warrior shouts!
The searing ray hits the orc priest!
The orc priest is heavily wounded.
The orc priest shouts! (Press . to maintain the ray.)
The searing ray hits the orc priest.
The orc priest is severely wounded.
The searing ray hits the orc priest!
You kill the orc priest!
The orc priest shouts!
The orc priest invokes the aid of Beogh against you.
Beogh smites you!
Your Shields skill increases to level 1!
The searing ray hits the orc priest!
You kill the orc priest!
The orc priest looks satisfied for a moment.
The orc priest invokes the aid of Beogh against you.
Pain shoots through your body!
The orc priest miscasts a cantrip.
There is an escape hatch in the ceiling here.
The orc warrior hits you with a +0 battleaxe!!
Ouch! That really hurt!
* * * LOW HITPOINT WARNING * * *
A mysterious force pulls you upwards. The hatch slams shut behind you.
You see here a +0 dagger.
The orc warrior hits you with a +0 battleaxe!
You die...

#........#...# #...
#........##### #.##
#...........####.#. ######
#...........'....#.
#....###......>....######.
#.)..#.....#+#.........##.
#....#.##.##.#............
#....'..#o...####.........
#....####@#######....<####
#....# ##.##..........#
####.###...#.#..#######
#............#
#####.#...#.## #.##..#.#
#######.....#.#
#..........##.#
#.###.........#


You could see an orc warrior.

Vanquished Creatures
  A sky beast (D:3)
  A jelly (D:4)
  A hound (D:5)
  A bullfrog skeleton (D:5)
  2 orc priests (D:5)
  Crazy Yiuf (D:3)
  An iguana (D:5)
  A hound skeleton (D:4)
  6 gnolls (D:2)
  3 adders
  A worm (D:4)
  5 orcs
  10 endoplasms
  4 giant cockroaches
  7 goblins
  7 hobgoblins
  2 jackals (D:2)
  5 kobolds
  6 quokkas
  7 ball pythons
  4 bats
  5 frilled lizards
  4 rats (D:1)
85 creatures vanquished.

Notes
Turn   | Place    | Note
-------+----------+-------------------------------------------
     0 | D:1      | Ezendos the Octopode Conjurer began the quest for the Orb.
     0 | D:1      | Reached XP level 1. HP: 11/11 MP: 3/3
   182 | D:1      | Reached XP level 2. HP: 18/18 MP: 1/5
   239 | D:1      | Learned a level 2 spell: Searing Ray
   553 | D:1      | Reached skill level 1 in Fighting
   667 | D:1      | Reached XP level 3. HP: 23/23 MP: 0/6
  1084 | D:2      | Found a burning altar of Makhleb.
  1504 | D:2      | Reached XP level 4. HP: 28/28 MP: 0/8
  2550 | D:3      | Reached XP level 5. HP: 34/34 MP: 5/10
  2992 | D:3      | Found a sacrificial altar of Ru.
  3368 | D:3      | Found a runed translucent door.
  3369 | D:3      | Noticed Crazy Yiuf
  3378 | D:3      | Killed Crazy Yiuf
  3785 | D:4      | Noticed a sky beast
  3838 | D:3      | Killed a sky beast
  3839 | D:3      | Reached XP level 6. HP: 24/41 MP: 1/12
  4516 | D:5      | Entered Level 5 of the Dungeon
  4546 | D:5      | Reached skill level 5 in Conjurations
  4637 | D:4      | Reached XP level 7. HP: 23/46 MP: 0/14
  4886 | D:5      | Reached skill level 1 in Shields
  4905 | D:5      | HP: 2/46 [orc warrior (25)]
  4915 | D:4      | Mangled by an orc warrior

Illustrated notes

Levels and vault maps discovered:
D:1:      wander_arrival_desolate, layout_rooms
D:2:      layout_loops_corners, basic_altar
D:3:      layout_rooms, lemuel_tele_altar, uniq_crazy_yiuf_cottage
D:4:      layout_basic
D:5:      layout_gridville, ldierk_geyser

Skill      XL: |  1  2  3  4  5  6  7 |
---------------+----------------------+-----
Stealth        | 3 4 |  4.0
Fighting       | 1 2 3 |  3.0
Spellcasting   | 3 4 |  4.7
Conjurations   | 5 |  5.2
Shields        | 1 |  1.6
Dodging        | |  2.0

Action                   |  1- 3 |  4- 6 |  7- 9 || total
-------------------------+-------+-------+-------++-------
Melee: Unarmed           |     3 |       |       ||     3
 Cast: Magic Dart        |    75 |    52 |       ||   127
       Searing Ray       |     1 |    38 |     1 ||    40
  Use: Scroll            |       |     8 |       ||     8
Armor: Skin              |       |     1 |       ||     1
Dodge: Dodged            |     4 |     9 |       ||    13

Table legend: (Time is in decaauts)
 A = Elapsed time spent in this place.
 B = Non-inter-level travel time spent in this place.
 C = Inter-level travel time spent in this place.
 D = Time resting spent in this place.
 E = Time spent auto-exploring this place.
 F = Levels seen in this place.
 G = Mean time per level.
                   A        B        C        D        E       F      G
               +--------+--------+--------+--------+--------+-----+--------+
         Total |   4920 |   4686 |    234 |    307 |   3750 |   5 |  984.0 |
       Dungeon |   4920 |   4686 |    234 |    307 |   3750 |   5 |  984.0 |
               +--------+--------+--------+--------+--------+-----+--------+

Top non-repeatable levels by time:
     D:2: 1626 daAuts
     D:3: 1131 daAuts
     D:4: 1076 daAuts
     D:1: 907 daAuts
     D:5: 179 daAuts
